 Dungeon Crawl Stone Soup version 0.28.0-49-g6dfe1f597d (webtiles) character file.

Game seed: 14075158519649593589

730 Gabide the Spear-Bearer (level 7, -1/61 HPs)
             Began as a Tengu Monk on May 20, 2022.
             Was an Elder of Fedhas.
             Slain by Edmund
             ... wielding a +3 dire flail of protection
              (4 damage)
             ... on level 5 of the Dungeon.
             The game lasted 00:19:12 (5933 turns).

Gabide the Spear-Bearer (Tengu Monk)                Turns: 5933, Time: 00:19:13

Health: -1/61      AC: 27    Str: 11    XL:     7   Next: 73%
Magic:  8/8        EV:  2    Int: 11    God:    Fedhas [****..]
Gold:   11         SH:  0    Dex: 18    Spells: 6/6 levels left

rFire   . . .      SeeInvis .   a - +0 glaive
rCold   . . .      Faith    .   (shield currently unavailable)
rNeg    . . .      Spirit   .   (armour currently unavailable)
rPois   +          Reflect  .   (helmet currently unavailable)
rElec   .          Harm     .   (cloak currently unavailable)
rCorr   .          Rampage  .   (gloves currently unavailable)
Will    +....      NoTele   +   (boots unavailable)
Stlth   ++........              (no amulet)
HPRegen 0.20/turn               o - ring of willpower
MPRegen 0.11/turn               g - +4 ring of protection

@: tree-form (expiring)
A: stationary, stasis, torment immunity, boosted hp, (beak), (talons 3), nimble
flight
a: Renounce Religion, Wall of Briars, Grow Ballistomycete, Overgrow


You were on level 5 of the Dungeon.
You worshipped Fedhas.
Fedhas was greatly pleased with you.
You were a tree.
You visited 2 branches of the dungeon, and saw 6 of its levels.

You collected 147 gold pieces.
You spent 136 gold pieces at shops.

Inventory:

Hand Weapons
 a - a +0 glaive (weapon)
 s - a +1 spear
Missiles
 m - 3 silver boomerangs (quivered)
 r - 2 javelins
Armour
 b - a +0 cloak (melded)
 d - a +0 pair of gloves (melded)
 q - a +0 ring mail (melded)
Jewellery
 g - a +4 ring of protection (right branch)
 o - a ring of willpower (left branch)
Scrolls
 f - a scroll of magic mapping {unknown}
 j - a scroll of immolation {unknown}
 p - a scroll of enchant armour {unknown}
Potions
 e - a potion of curing
 k - a potion of attraction


   Skills:
 - Level 3.0 Fighting
 + Level 9.1 Polearms
 - Level 3.0 Armour
 - Level 3.2 Dodging
 - Level 2.0 Stealth


You had 6 spell levels left.
You didn't know any spells.
Your spell library contained the following spells:

 Spells                   Type           Power      Damage    Failure   Level
 Beastly Appendage        Tmut           0%         N/A       34%         1
 Sublimation of Blood     Necr           0%         N/A       47%         2
 Wereblood                Tmut           0%         N/A       47%         2
 Spider Form              Tmut/Pois      0%         N/A       71%         3
 Petrify                  Tmut/Erth      0%         N/A       98%         4
 Irradiate                Conj/Tmut      0%         3d13      100%        5


Dungeon Overview and Level Annotations

Branches:
Dungeon (5/15)             Temple (1/1) D:4

Altars:
Ashenzari
Cheibriados
Dithmenos
Elyvilon
Fedhas
Hepliaklqana
Makhleb
Nemelex Xobeh
Okawaru
Qazlal
Ru
Uskayaw
Xom
Yredelemnul
Zin
The Shining One

Shops:
D:3 (   D:4 (

Annotations:
D:4 3 runed translucent doors, Sobaton's ghost, novice MiFi
D:5 Duvessa; Edmund


Innate Abilities, Weirdness & Mutations

You are a tree.
Your roots penetrate the ground, keeping you stationary.
You cannot be teleported.
You are immune to unholy pain and torment.
Your maximum health is greatly increased.
Your equipment is partially melded.
((You have a beak for a mouth.))
((You have claws for feet.))
Your magical nature lets you fly swiftly and evasively.


Message History

Unknown command.
Unknown command.
You feel better.
Your briar patch disappears in a puff of smoke!
The adder bites you but does no damage.
Edmund hits you with a +3 dire flail of protection.
* * * LOW HITPOINT WARNING * * *
You miss the adder.
The adder is heavily wounded.
The adder bites you but does no damage. Edmund hits you but does no damage.
The adder bites you but does no damage.
You slice the adder!!
You kill the adder!
Fedhas appreciates your contribution to the ecosystem.
You hear a shout!
Edmund hits you but does no damage.
You closely miss Edmund. Edmund hits you but does no damage.
You slash Edmund!
Edmund is lightly wounded.
Your briar patch disappears in a puff of smoke!
You hear a shout!
Edmund barely misses you. Edmund hits you but does no damage.
You hit Edmund but do no damage.
Edmund is lightly wounded.
Edmund hits you with a +3 dire flail of protection!
* * * LOW HITPOINT WARNING * * *
You barely miss Edmund.
Edmund is lightly wounded.
Edmund hits you but does no damage.
You feel better.
Your transformation is almost over.
Edmund asks, "Have you met my wondrous brother?"
Edmund hits you with a +3 dire flail of protection.
* * * LOW HITPOINT WARNING * * *
Okay, then.
It was a potion of flight.
Your roots keep you in place.
You hear a shout!
Edmund hits you with a +3 dire flail of protection.
You die...
Fedhas appreciates your contribution to the ecosystem.

... .# .. .. ..
.## #. .. #. .#
#..###.##.###.#
..............##
###..#.@..#.....
.......†♣.......
....#...........
## #...........
#[.....#####
........#
.........#
...$......#
..........#


You could see Edmund.

Vanquished Creatures
  Menkaure (D:4)
  Dowan (D:5)
  A hound (D:4)
  An orc priest (D:3)
  Crazy Yiuf (D:4)
  A bullfrog skeleton (D:4)
  Ijyb (D:4)
  An orc wizard (D:2)
  Robin (D:3)
  4 gnolls (D:4)
  2 adders
  2 worms
  2 dart slugs
  5 orcs
  A bat (D:1)
  6 endoplasms
  2 giant cockroaches
  12 goblins
  7 hobgoblins
  6 jackals
  5 kobolds
  3 quokkas
  9 ball pythons
  3 frilled lizards (D:2)
  5 rats
83 creatures vanquished.

Vanquished Creatures (collateral kills)
  Prince Ribbit (D:5)
  A bullfrog zombie (D:5)
2 creatures vanquished.

Grand Total: 85 creatures vanquished

Notes
Turn   | Place    | Note
-------+----------+-------------------------------------------
     0 | D:1      | Gabide the Tengu Monk began the quest for the Orb.
     0 | D:1      | Reached XP level 1. HP: 14/14 MP: 2/2
   109 | D:1      | Found a faded altar of an unknown god.
   112 | D:1      | Prayed at the altar of an unknown god.
   112 | D:1      | Became a worshipper of Fedhas Madash
   112 | D:1      | Reached * piety under Fedhas
   112 | D:1      | Reached ** piety under Fedhas
   584 | D:1      | Reached XP level 2. HP: 16/19 MP: 3/3
   640 | D:1      | Reached skill level 4 in Polearms
   873 | D:1      | Reached *** piety under Fedhas
  1024 | D:1      | Reached XP level 3. HP: 21/23 MP: 4/4
  1240 | D:2      | Found a glowing silver altar of Zin.
  1861 | D:2      | Reached skill level 1 in Armour
  2266 | D:3      | Found Puqidola's Antique Weapon Emporium.
  2697 | D:2      | Reached XP level 4. HP: 23/28 MP: 5/5
  2840 | D:2      | Reached skill level 5 in Polearms
  2893 | D:3      | Gained mutation: Your magical nature lets you fly swiftly
                  | and evasively. [Tengu growth]
  2893 | D:3      | Reached XP level 5. HP: 29/32 MP: 6/6
  3174 | D:3      | Reached **** piety under Fedhas
  3470 | D:4      | Noticed Robin
  3726 | D:3      | Killed Robin
  4405 | D:4      | Noticed Menkaure
  4409 | D:4      | Found a staircase to the Ecumenical Temple.
  4438 | D:4      | Found a runed translucent gate.
  4446 | D:4      | Found a runed translucent gate.
  4447 | D:4      | Found a runed translucent gate.
  4461 | D:4      | Noticed Sobaton's ghost (novice MiFi)
  4513 | D:4      | Noticed Ijyb
  4522 | D:4      | Killed Ijyb
  4523 | D:4      | Reached skill level 6 in Polearms
  4608 | D:4      | Reached XP level 6. HP: 37/37 MP: 7/7
  4778 | D:4      | Found Anef Luhingo's Firing Range.
  4943 | D:4      | Found a runed translucent door.
  4944 | D:4      | Noticed Crazy Yiuf
  5021 | D:3      | Bought a glaive for 136 gold pieces
  5061 | D:4      | Killed Menkaure
  5062 | D:4      | Reached skill level 7 in Polearms
  5205 | D:4      | Killed Crazy Yiuf
  5206 | D:4      | Reached XP level 7. HP: 21/41 MP: 8/8
  5450 | Temple   | Entered the Ecumenical Temple
  5678 | D:5      | Entered Level 5 of the Dungeon
  5684 | D:5      | Noticed Prince Ribbit
  5699 | D:5      | Killed Prince Ribbit
  5700 | D:5      | Reached skill level 8 in Polearms
  5766 | D:5      | Noticed Dowan
  5779 | D:5      | Killed Dowan
  5892 | D:5      | Noticed Duvessa
  5905 | D:5      | HP: 2/41 [Duvessa/+0 short sword (3)]
  5909 | D:5      | Noticed Edmund
  5916 | D:5      | HP: 2/41 [Edmund/+3 dire flail of protection (2)]
  5922 | D:5      | Reached skill level 9 in Polearms
  5930 | D:5      | HP: 1/61 [Edmund/+3 dire flail of protection (12)]
  5933 | D:5      | Slain by Edmund

Illustrated notes

Levels and vault maps discovered:
D:1:      dpeg_arrival_round_a, layout_basic,
          shapermc_ecumenical_altar_mp_urbaneastern
D:2:      layout_loops_ring, basic_altar, minmay_tripent
D:3:      layout_loops_cross, serial_shops, shop
D:4:      layout_loops_corners, minmay_temple_entry_ruins,
          ebering_ghost_rock_garden, nicolae_shop_firing_range,
          uniq_crazy_yiuf_cottage, uniq_menkaure, uniq_ijyb, uniq_robin
D:5:      layout_basic, lemuel_tele_altar, minmay_manual_moon, uniq_duvessa,
          uniq_edmund, uniq_prince_ribbit1
Temple:   eino_temple_rhombus

Skill      XL: |  1  2  3  4  5  6  7 |
---------------+----------------------+-----
Polearms       | 4 5 6 7 9 |  9.1
Armour         | 1 2 3 |  3.0
Fighting       | |  3.0
Dodging        | |  3.2
Stealth        | |  2.0

Action                   |  1- 3 |  4- 6 |  7- 9 || total
-------------------------+-------+-------+-------++-------
Melee: Spear             |   111 |   128 |       ||   239
       Kick              |    14 |    19 |     2 ||    35
       Peck              |     9 |    16 |     4 ||    29
       Punch             |       |     1 |       ||     1
       Glaive            |       |     6 |    30 ||    36
Throw: Stone             |    21 |       |       ||    21
       Boomerang         |     3 |    18 |       ||    21
       Dart              |       |     6 |     9 ||    15
       Javelin           |       |       |     3 ||     3
Invok: Wall of Briars    |       |       |     2 ||     2
Evoke: Wand              |       |     4 |       ||     4
  Use: Scroll            |     2 |     3 |     2 ||     7
       Potion            |     1 |     1 |     6 ||     8
 Stab: Sleeping          |     9 |     3 |       ||    12
       Distracted        |     1 |       |       ||     1
Armor: Robe              |     5 |       |       ||     5
       Leather armour    |     6 |    19 |       ||    25
       Ring mail         |       |    15 |     9 ||    24
       Skin              |       |       |    20 ||    20
Dodge: Dodged            |    50 |    66 |    20 ||   136
